AoeStats
← Lil Fabrice

Arena

510092843Analyzed
4v4 RM · 3d ago on Sep 29, 2026· 40m 28s· 8 players
Game mode
Random Map
Map size
Large (8 player)
Population
200
Speed
Normal
Resources
Standard
Victory
Conquest
Starting age
Dark Age
Ending age
Imperial Age
RankedLock teamsTeams togetherTeam positionsShared explorationLock speedFull tech treeHidden civsTurbo modeCheats
Victory
Defeat
🇫🇷 Romans · France
1559
+7
🇨🇦 Khmer · Canada
1386
+13
🇫🇷 Saxons · France
1304
+15
🇪🇸 Turks · Spain
1253
+17
🇭🇰 Teutons · Hong Kong SAR China
1340
-14
🇭🇰 Khmer · Hong Kong SAR China
1314
-13
🇲🇹 Dravidians · Malta
1302
-13
🇨🇳 Magyars · China
1279
-12
FuNG
10:44 Feudal Age
14:10 Castle Age
12:40 Double-Bit Axe
14:15 Horse Collar
17:09 Bow Saw
20:54 Wheelbarrow
20:14 Loom
27:31 Imperial Age
25:14 Gold Mining
26:13 Hand Cart
26:16 Heavy Plow
26:05 Town Watch
26:59 Scale Mail Armor
26:30 Pikeman
27:15 Stone Mining
27:54 Halberdier
29:01 Chain Mail Armor
30:24 Forging
31:38 Scale Barding Armor
32:09 Iron Casting
32:00 Light Cavalry
32:50 Bloodlines
34:20 Crop Rotation
33:24 Hussar
34:16 Husbandry
40:14 Chain Barding Armor
40:54 Blast Furnace
proxxi
10:51 Feudal Age
14:42 Castle Age
12:45 Double-Bit Axe
15:47 Bow Saw
15:56 Horse Collar
19:55 Loom
22:33 Wheelbarrow
25:48 Gold Mining
28:50 Imperial Age
26:37 Hand Cart
26:50 Fletching
27:00 Padded Archer Armor
27:09 Heavy Plow
27:01 Town Watch
28:13 Ballistics
28:40 Leather Archer Armor
28:20 Bodkin Arrow
28:53 Elite Elephant Archer
29:40 Thumb Ring
30:37 Medical Corps
30:52 Conscription
32:26 Chemistry
帝国F.海峰
10:14 Feudal Age
14:03 Castle Age
12:47 Double-Bit Axe
16:54 Loom
20:44 Horse Collar
21:22 Bow Saw
24:05 Heavy Plow
25:07 Wheelbarrow
25:04 Gold Mining
28:50 Imperial Age
27:37 Gold Shaft Mining
27:08 Fletching
27:18 Padded Archer Armor
27:49 Bodkin Arrow
28:22 Thumb Ring
28:56 Ballistics
28:42 Husbandry
29:14 Heavy Cavalry Archer
31:09 Chemistry
30:31 Bracer
31:13 Bloodlines
32:12 Two-Man Saw
31:29 Leather Archer Armor
32:01 Stone Mining
33:14 Parthian Tactics
33:51 Crop Rotation
34:14 Conscription
33:55 Recurve Bow
35:14 Hand Cart
35:21 Corvinian Army
35:57 Hoardings
36:10 Ring Archer Armor
35:52 Scale Barding Armor
36:33 Elite Magyar Huszar
40:05 Chain Barding Armor
UnHappy
5:21 Loom
8:39 Feudal Age
9:34 Double-Bit Axe
10:03 Town Watch
10:46 Fletching
19:40 Wheelbarrow
23:43 Castle Age
21:37 Gold Mining
28:31 Sanctity
34:50 Imperial Age
36:04 Bow Saw
Lil Fabrice
10:04 Feudal Age
13:51 Castle Age
12:45 Double-Bit Axe
12:49 Horse Collar
19:12 Wheelbarrow
21:20 Hand Cart
21:47 Bow Saw
24:15 Gold Mining
24:16 Stone Mining
27:43 Imperial Age
24:59 Loom
25:40 Scale Mail Armor
25:51 Forging
25:37 Town Watch
26:54 Ballistics
27:17 Gold Shaft Mining
28:27 Coinage
27:54 Heavy Scorpion
29:36 Chemistry
29:13 Chain Mail Armor
28:28 Capped Ram
30:00 Siege Engineers
30:07 Siege Engineers
30:39 Conscription
30:55 Ballistas
30:22 Man-at-Arms
31:08 Siege Ram
33:18 Onager
36:05 Squires
35:26 Long Swordsman
37:07 Banking
36:38 Caravan
36:50 Guilds
39:37 Legionary
CampaCar
10:05 Loom
11:50 Feudal Age
17:10 Castle Age
15:24 Double-Bit Axe
26:19 Town Watch
29:36 Imperial Age
28:55 Wheelbarrow
33:27 Hand Cart
38:47 Scale Barding Armor
38:53 Forging
40:02 Gold Mining
40:03 Stone Mining
Kefko2112
1:53 Loom
3:43 Loom
11:45 Feudal Age
14:27 Castle Age
16:29 Wheelbarrow
19:27 Scale Barding Armor
23:04 Horse Collar
23:10 Double-Bit Axe
29:10 Imperial Age
27:56 Stone Mining
29:53 Hand Cart
29:40 Heavy Plow
29:31 Gold Mining
29:53 Bow Saw
30:31 Elite Ballista Elephant
31:37 Chain Barding Armor
34:08 Ballistics
35:35 Chemistry
35:05 Husbandry
35:38 Double Crossbow
37:20 Fletching
38:54 Bodkin Arrow
renardoracle12
9:19 Feudal Age
10:14 Double-Bit Axe
12:05 Horse Collar
15:02 Wheelbarrow
17:46 Castle Age
15:32 Loom
17:04 Stone Mining
17:08 Gold Mining
20:44 Bow Saw
25:58 Imperial Age
23:36 Fletching
24:13 Crossbowman
27:00 Heavy Plow
31:20 Chemistry
30:46 Ballistics
30:24 Bodkin Arrow
30:30 Padded Archer Armor
30:19 Arbalester
31:56 Fortified Wall
33:31 Two-Man Saw
31:57 Elite Skirmisher
34:33 Conscription
34:14 Elite Hearth Troop
36:12 Hand Cart
36:16 Thumb Ring
36:44 Bracer
36:59 Leather Archer Armor
36:45 Scale Mail Armor
36:55 Forging
39:19 Ring Archer Armor
40:26 Shield Wall
Connection lost

Rejoining the realm…

Still unreachable

The connection could not be restored.

Session expired

The server has moved on; the page needs a fresh start.